 Dungeon Crawl Stone Soup version 0.19-a0-944-gb338e1e (webtiles) character file.

28284 Duffy the Severer (level 13, 70/123 HPs)
             Began as a Deep Dwarf Berserker on July 9, 2016.
             Was a High Priest of Trog.
             Quit the game in an ice cave.
             The game lasted 00:31:58 (13637 turns).

Duffy the Severer (Deep Dwarf Berserker)           Turns: 13637, Time: 00:31:59

Health: 70/123     AC: 20    Str: 24 (26) XL:     13   Next: 8%
Magic:  5/5        EV: 15    Int:  6 (9)  God:    Trog [*****.]
Gold:   1105       SH:  0    Dex: 14 (16) Spells: 0 memorised, 12 levels left

rFire  . . .     SeeInvis .     j - +4 executioner's axe (antimagic)
rCold  . . .     Gourm    .     L - +0 pearl dragon armour
rNeg   + . .     Faith    +     (shield currently unavailable)
rPois  .         Spirit   .     w - +0 helmet
rElec  .         Dismiss  .     z - +0 cloak
rCorr  .         Reflect  .     Y - +1 pair of gloves {archery}
SustAt .         Harm     .     k - +0 pair of boots
MR     ++...                    Q - amulet of faith
Stlth  ..........               P - +5 ring of strength
                                E - ring of protection from magic

@: non-regenerating, very resistant to hostile enchantments, extremely
unstealthy
A: damage resistance, recharge devices, sense surroundings 2, slow regeneration
3
a: Device Recharging, Berserk, Trog's Hand, Brothers in Arms, Burn Spellbooks,
Renounce Religion


You were in an ice cave.
You worshipped Trog.
Trog was extremely pleased with you.
You were not hungry.

You visited 2 branches of the dungeon, and saw 15 of its levels.
You also visited: Labyrinth and Ice Cave.

You collected 1602 gold pieces.
You spent 497 gold pieces at shops.


Innate Abilities, Weirdness & Mutations

You are resistant to damage.
You can recharge devices by infusing magical energy.
You passively map the area around you.
You do not regenerate naturally.


   Skills:
 - Level 10.0 Fighting
 * Level 16.9 Axes
 + Level 8.5 Armour
 + Level 8.9 Dodging
 - Level 5.0 Evocations


You had 12 spell levels left.
You didn't know any spells.

Inventory:

Hand Weapons
 j - a +4 antimagic executioner's axe (weapon)
 x - the +7 morningstar of Painful Death {flame, rElec rN+ Str+2}

   It has been specially enchanted to burn those struck by it, causing extra
   injury to most foes and up to half again as much damage against particularly
   susceptible opponents.
   It affects your strength (+2).
   It insulates you from electricity.
   It protects you from negative energy.
 V - a +0 blowgun
Missiles
 t - 20 tomahawks
 A - 7 javelins (quivered)
 S - 2 throwing nets
 U - 11 curare-tipped needles
Armour
 k - a +0 pair of boots (worn)
 w - a +0 helmet (worn)
 z - a +0 cloak (worn)
 L - a +0 pearl dragon armour (worn)
 Y - a +1 pair of gloves of archery (worn)
Rods
 h - a +5 rod of inaccuracy (12/12)
 Z - a +1 lightning rod (11/11)
Jewellery
 g - a +5 ring of evasion
 l - an uncursed ring of resist corrosion
 m - an uncursed ring of flight
 E - a ring of protection from magic (left hand)
 P - a +5 ring of strength (right hand)
 Q - an amulet of faith (around neck)
 X - an uncursed ring of see invisible
Wands
 b - a wand of paralysis (2/24)
 c - a wand of heal wounds (4/9)
 H - a wand of iceblast (12/15)
 K - a wand of teleportation (2/9)
 R - a wand of digging (5/24)
Scrolls
 a - a scroll of summoning
 e - 6 scrolls of remove curse
 o - 3 scrolls of fear
 s - 4 scrolls of blinking
 v - 2 scrolls of enchant weapon
 D - a scroll of recharging
 F - a scroll of vulnerability {unknown}
 I - a scroll of silence {unknown}
 J - 2 scrolls of teleportation
 N - 3 scrolls of fog
 O - a scroll of holy word
 T - a scroll of torment {unknown}
 W - a scroll of magic mapping
Potions
 q - a potion of heal wounds
 r - 3 potions of berserk rage
 u - 2 potions of might
 B - 2 potions of agility
 C - 2 potions of haste
 G - a potion of flight
 M - a potion of cancellation
Comestibles
 d - 12 bread rations
 f - 5 meat rations
 p - 5 chunks of flesh

Dungeon Overview and Level Annotations

Branches:
Dungeon (13/15)            Temple (0/1) D:5            Lair (2/6) D:10
  Swamp (0/4) Lair:2          Orc (0/2) D:12
  Snake: Lair:2-4    Spider: Lair:2-4    Vaults: D:13-14

Altars:
Dithmenos
Elyvilon
Fedhas
Gozag
Kikubaaqudgha
Makhleb
Okawaru
Pakellas
Ru
Trog
Zin
The Shining One

Shops:
D:4 :   D:5 (}?   D:12 [

Annotations:
IceCv exclusion: ice statue


Message History

You now have 857 gold pieces (gained 17).
You feel yourself speed up.
You now have 865 gold pieces (gained 8).
E - a silver ring Put on which piece of jewellery? (? for menu, Esc to quit)
You're wearing all the rings you can.
Remove which one? (? for menu, Esc to cancel) < or
g - a +5 ring of evasion; > or
P - a +5 ring of strength You remove your +5 ring of evasion.
Oops, that ring feels deathly cold.
E - a cursed ring of loudness (left hand)
You now have 872 gold pieces (gained 7).
Your pack is full.
You see here a knobbly tourmaline ring.
Put on which piece of jewellery? (? for menu, Esc to quit)
Okay, then.
As you read the scroll of remove curse, it crumbles to dust.
You feel as if something is helping you.
You remove your ring of loudness.
You drop an uncursed ring of loudness.
E - a knobbly tourmaline ring Put on which piece of jewellery? (? for menu, Esc to quit)
E - a ring of protection from magic (left hand)
You feel less exhausted.
You see here an uncursed ring of loudness.
You now have 902 gold pieces (gained 30).
You now have 917 gold pieces (gained 15).
You now have 939 gold pieces (gained 22).
You now have 958 gold pieces (gained 19).
You now have 973 gold pieces (gained 15).
You now have 987 gold pieces (gained 14).
You now have 1005 gold pieces (gained 18).
You now have 1018 gold pieces (gained 13).
You now have 1047 gold pieces (gained 29).
You are confused.
You feel invigorated.
You feel less invigorated.
You feel less confused.
Okay, then.
Drop what? 51/52 slots (_ for help) (? for menu, Esc to quit)
You drop 3 potions of degeneration.
You now have 1062 gold pieces (gained 15).
You now have 1079 gold pieces (gained 17).
You now have 1105 gold pieces (gained 26).
Wield which item (- for none, * to show all)? (? for menu, Esc to quit)
You feel magic leave you.
j - a +4 antimagic executioner's axe (weapon)
Drop what? 50/52 slots (_ for help) (? for menu, Esc to quit)
You drop a +2 battleaxe of draining.
Are you sure you want to abandon this character and quit the game? (Confirm with "yes".)

######## ####...[..####
###.....#......##
###......###.##...#
##=.........###..#####
#........@...##.##...#
##.=..........#....#.##
#..##......!####.###..##
# #.#~#########*
###*##..##. #~~~~~~ ~ ~
~ ##.... * ~~~~~~~ ~
~~~~ ##... *~~~~~~~~ ~ ~
~ ~##.### ###~~#.### *
** ~~ ##.## ~~
#..######## ##.##


There were no monsters in sight!

Action                   |  1- 3 |  4- 6 |  7- 9 | 10-12 | 13-15 || total
-------------------------+-------+-------+-------+-------+-------++-------
Melee: Hand axe          |   114 |   167 |   159 |       |       ||   440
       War axe           |       |       |   130 |       |       ||   130
       Broad axe         |       |       |    93 |   169 |       ||   262
       Battleaxe         |       |       |       |   286 |    29 ||   315
       Morningstar       |       |       |       |     8 |       ||     8
       Executioner's axe |       |       |       |   158 |       ||   158
Invok: Berserk           |     2 |     3 |    13 |    23 |       ||    41
       Trog's Hand       |       |       |     4 |     2 |       ||     6
       Burn Spellbooks   |       |       |     3 |     2 |       ||     5
Evoke: Wand              |       |     1 |     2 |    16 |     1 ||    20
  Use: Scroll            |       |     3 |    10 |    14 |     1 ||    28
       Potion            |       |       |     1 |     3 |     3 ||     7
 Stab: Sleeping          |     1 |       |       |       |       ||     1
       Paralysed         |       |       |     1 |     3 |       ||     4
       Invisible         |       |       |     1 |       |       ||     1
  Eat: Chunk             |     3 |     7 |    26 |    31 |       ||    67
       Beef jerky        |       |       |     1 |     5 |       ||     6
       Pizza             |       |       |     2 |       |       ||     2
       Meat ration       |       |       |       |     1 |       ||     1
       Bread ration      |       |       |       |     1 |       ||     1
Armor: Animal skin       |    10 |       |       |       |       ||    10
       Ring mail         |     9 |       |       |       |       ||     9
       Scale mail        |     4 |    39 |    79 |       |       ||   122
       Chain mail        |       |       |    33 |       |       ||    33
       Plate armour      |       |       |     6 |   220 |       ||   226
       Pearl dragon armo |       |       |       |    37 |    11 ||    48
Dodge: Dodged            |   105 |   114 |   289 |   524 |    22 ||  1054
Block: Other             |       |    21 |       |       |       ||    21
       Reflection        |       |     1 |     7 |       |       ||     8
       Buckler           |       |       |    77 |       |       ||    77

Notes
Turn   | Place    | Note
-------+----------+-------------------------------------------
     0 | D:1      | Duffy the Deep Dwarf Berserker began the quest for the Orb.
     0 | D:1      | Reached XP level 1. HP: 20/20 MP: 1/1
   131 | D:1      | Reached XP level 2. HP: 24/27 MP: 2/2
   620 | D:2      | Reached skill level 3 in Fighting
   636 | D:2      | Reached XP level 3. HP: 34/34 MP: 3/3
   697 | D:2      | Reached skill level 4 in Axes
   700 | D:2      | Found an opulent altar of Gozag.
   733 | D:2      | Reached ** piety under Trog
   827 | D:2      | Reached skill level 3 in Dodging
  1208 | D:2      | Reached XP level 4. HP: 35/42 MP: 4/4
  1216 | D:2      | Found a burning altar of Makhleb.
  1218 | D:2      | Found a shadowy altar of Dithmenos.
  1220 | D:2      | Found a glowing silver altar of Zin.
  1482 | D:3      | Found a bloodstained altar of Trog.
  1871 | D:3      | Reached XP level 5. HP: 36/49 MP: 5/5
  2038 | D:4      | Noticed an ogre
  2038 | D:4      | Noticed an ogre
  2049 | D:4      | Killed an ogre
  2049 | D:4      | Reached skill level 5 in Axes
  2049 | D:4      | Reached skill level 3 in Armour
  2049 | D:4      | Reached skill level 4 in Dodging
  2052 | D:4      | Reached *** piety under Trog
  2054 | D:4      | Killed an ogre
  2054 | D:4      | Reached XP level 6. HP: 55/56 MP: 6/6
  2300 | D:4      | Reached skill level 6 in Axes
  2314 | D:4      | Found Upsoiz's Book Shop.
  2435 | D:4      | Reached XP level 7. HP: 31/63 MP: 7/7
  2485 | D:4      | Reached skill level 4 in Fighting
  2568 | D:4      | Found a white marble altar of Elyvilon.
  3354 | D:5      | Entered Level 5 of the Dungeon
  3384 | D:5      | Reached skill level 4 in Armour
  3433 | D:5      | Found Xirouwn's Gadget Shoppe.
  3502 | D:5      | Found Cuwnil's Magic Scroll Shoppe.
  3503 | D:5      | Noticed Grinder
  3543 | D:5      | Bought a scroll of identify for 28 gold pieces
  3543 | D:5      | Bought a scroll of magic mapping for 49 gold pieces
  3543 | D:5      | Bought a scroll of recharging for 133 gold pieces
  3582 | D:5      | Reached skill level 5 in Dodging
  3630 | D:5      | Paralysed by Grinder for 7 turns
  3701 | D:5      | Paralysed by Grinder for 2 turns
  3741 | D:5      | Killed Grinder
  3741 | D:5      | Reached skill level 7 in Axes
  3741 | D:5      | Reached XP level 8. HP: 38/73 MP: 8/8
  3754 | D:5      | Noticed Eustachio
  3769 | D:5      | Killed Eustachio
  3834 | D:5      | Found Ceimo's Weapon Shoppe.
  3891 | D:5      | Found a staircase to the Ecumenical Temple.
  4097 | D:5      | Reached skill level 5 in Armour
  4132 | D:5      | Found a sacrificial altar of Ru.
  4133 | D:5      | Received a gift from Trog
  4548 | D:5      | Bought a scroll of blinking for 105 gold pieces
  4716 | D:6      | Reached skill level 5 in Fighting
  4716 | D:6      | Reached skill level 8 in Axes
  4716 | D:6      | Reached skill level 6 in Dodging
  4794 | D:6      | You fall through a shaft!
  4897 | D:7      | Found an ancient bone altar of Kikubaaqudgha.
  4966 | D:7      | Reached **** piety under Trog
  5050 | D:7      | Gained mutation: You passively map the area around you. [Deep Dwarf growth]
  5050 | D:7      | Reached XP level 9. HP: 52/81 MP: 9/9
  5552 | D:7      | Reached skill level 9 in Axes
  5705 | D:7      | Found a blossoming altar of Fedhas.
  5751 | D:7      | Reached skill level 6 in Armour
  6370 | D:8      | Noticed a kobold demonologist
  6388 | D:8      | Killed a kobold demonologist
  6388 | D:8      | Reached skill level 6 in Fighting
  6388 | D:8      | Reached skill level 7 in Dodging
  6506 | D:8      | Found an oddly glowing altar of Pakellas.
  6507 | D:8      | Found a glowing golden altar of the Shining One.
  7021 | D:9      | Reached skill level 10 in Axes
  7021 | D:9      | Reached skill level 1 in Evocations
  7070 | D:9      | Noticed zero's ghost (novice MiGl)
  7102 | D:9      | Reached skill level 2 in Evocations
  7113 | D:9      | Killed zero's ghost
  7113 | D:9      | Reached skill level 4 in Evocations
  7113 | D:9      | Reached XP level 10. HP: 64/91 MP: 10/13
  7358 | D:9      | Reached skill level 5 in Evocations
  7832 | D:9      | Reached skill level 11 in Axes
  7832 | D:9      | Reached skill level 7 in Armour
  7961 | D:10     | Entered Level 10 of the Dungeon
  8049 | D:10     | Found a staircase to the Lair.
  8052 | D:10     | Noticed a gargoyle
  8084 | D:10     | Killed a gargoyle
  8110 | D:10     | Reached ***** piety under Trog
  8118 | D:10     | Noticed a hill giant
  8130 | D:10     | Killed a hill giant
  8182 | D:10     | Reached skill level 8 in Dodging
  8282 | D:10     | Received a gift from Trog
  8353 | D:10     | Reached skill level 12 in Axes
  8611 | D:10     | You fall through a shaft for 3 floors!
  8612 | D:13     | Noticed a hill giant
  8619 | D:13     | Killed a hill giant
  8714 | D:13     | Reached XP level 11. HP: 47/99 MP: 14/14
  8720 | D:12     | Noticed a hill giant
  8727 | D:12     | Killed a hill giant
  8727 | D:12     | Reached skill level 13 in Axes
  8822 | D:12     | Found a labyrinth entrance.
  8831 | Lab      | Entered a labyrinth
  9660 | Lab      | Noticed a minotaur
  9668 | Lab      | Killed a minotaur
  9674 | Lab      | Got an encrusted morningstar {flame}
  9685 | Lab      | Identified the +7 morningstar of Painful Death {flame, rElec rN+ Str+2} (You took it off a minotaur in a labyrinth)
  9779 | D:12     | Found a staircase to the Orcish Mines.
  9783 | D:12     | Found Asua's Armour Boutique.
  9890 | D:12     | Noticed a hill giant
  9900 | D:12     | Killed a hill giant
  9900 | D:12     | Reached skill level 14 in Axes
 10236 | D:12     | Noticed a deep elf mage
 10245 | D:12     | Killed a deep elf mage
 10245 | D:12     | Reached skill level 7 in Fighting
 10434 | D:13     | Noticed a seven-headed hydra
 10449 | D:13     | Killed a seven-headed hydra
 10535 | D:13     | Noticed a centaur warrior
 10537 | D:13     | Received a gift from Trog
 10548 | D:13     | Killed a centaur warrior
 10686 | D:13     | Noticed a centaur warrior
 10694 | D:13     | Killed a centaur warrior
 10694 | D:13     | Reached skill level 8 in Fighting
 10694 | D:13     | Reached skill level 15 in Axes
 10848 | D:13     | Noticed a hill giant
 10857 | D:13     | Killed a hill giant
 10932 | D:13     | Noticed Sonja
 10938 | D:13     | Killed Sonja
 10938 | D:13     | Reached XP level 12. HP: 91/112 MP: 15/15
 11181 | D:11     | Reached skill level 9 in Fighting
 11507 | D:11     | Noticed Snorg
 11518 | D:11     | Killed Snorg
 11518 | D:11     | Reached skill level 16 in Axes
 11663 | D:11     | Found an oddly glowing altar of Pakellas.
 11676 | D:11     | Reached skill level 10 in Fighting
 11716 | D:11     | Found an iron altar of Okawaru.
 12132 | D:5      | Bought a scroll of summoning for 133 gold pieces
 12132 | D:5      | Bought a scroll of magic mapping for 49 gold pieces
 12643 | Lair:1   | Entered Level 1 of the Lair of Beasts
 13219 | Lair:1   | Reached skill level 8 in Armour
 13330 | Lair:2   | Found a frozen archway.
 13377 | IceCv    | Entered an ice cave
 13490 | IceCv    | Received a gift from Trog
 13490 | IceCv    | Reached XP level 13. HP: 87/123 MP: 16/16
 13637 | IceCv    | Quit the game

Skill      XL: |  1  2  3  4  5  6  7  8  9 10 11 12 |
---------------+-------------------------------------+-----
Fighting       | 3 4 5 6 8 10 | 10.0
Axes           | 4 5 6 7 8 10 12 15 16 | 16.9
Dodging        | 3 4 5 6 7 8 |  8.9
Armour         | 3 4 5 6 7 8 |  8.5
Evocations     | 4 5 |  5.0

Vault maps used:
D:1:      eino_arrival_tree_alley
D:2:      lemuel_round_altar, minitemple, first_bread
D:3:      kennysheep_big_flooded_room, nicolae_overflow_crystal_walls,
          minivault_27
D:4:      lemuel_crystal_altar, serial_shops, shop
D:5:      serial_shops, shop, shop, shop, nicolae_ru_great_annihilating_truth,
          uniq_eustachio, uniq_grinder
D:7:      fedhas_bush_and_centaur_altar, kiku_gazebo_pond_becter
D:8:      gammafunk_temple_overflow_pools
D:9:      hangedman_fish_farm
D:10:     due_lair_maze_entry_diamond
D:11:     basic_altar, okawaru_ov_weapons_minmay, uniq_snorg
D:12:     orc_david_3, serial_column_ruins, column_ruins_hut,
          column_ruins_corridor_straight, column_ruins_open_tiny,
          column_ruins_columns_straight, column_ruins_columns_straight,
          column_ruins_columns_corner, lab_entry_generic, spider_trap,
          hangedman_decor_diamond_cutter
D:13:     uniq_sonja
Lair:1:   bh_autumn_forest_stairs, grunt_megastairs_5, serial_bayou_shore_a
Lair:2:   minmay_swamp_entry_worms, portal_ice_cave_entry_ice_beasts,
          beast_lair_carwin_7, infiniplex_staircase_pool
IceCv:    ice_cave_small_dragons

Vanquished Creatures
  Snorg
  A minotaur
  A hydra
  2 centaur warriors
  2 ice dragons Sonja
  The ghost of zero the Carver, a novice MiGl of Makhleb
  A fire crab (shapeshifter)
  7 hill giants
  A wizard
  An ugly thing
  A deep elf mage
  A manticore
  A black mamba
  A centaur zombie
  2 gargoyles
  2 spiny frogs
  2 rime drakes
  A komodo dragon
  A kobold demonologist
  6 trolls
  A merfolk Grinder
  3 blink frogs
  A wraith
  2 wyverns
  11 yaks Eustachio
  9 hippogriffs
  A hungry ghost
  2 water moccasins
  3 orc warriors
  6 sky beasts
  A necrophage
  18 ice beasts
  A black bear
  8 ogres
  2 crocodiles
  15 centaurs
  A big kobold
  7 giant frogs
  A gnoll sergeant
  4 scorpions
  3 killer bees
  3 wights
  8 howler monkeys
  A wasp zombie
  6 crimson imps
  2 quasits
  7 hounds
  5 jellies
  2 centaur skeletons
  4 orc priests
  2 giant frog skeletons
  4 iguanas
  8 orc wizards
  8 worker ants
  A killer bee zombie
  8 sheep
  A hound zombie
  A worker ant zombie
  8 gnolls
  14 adders
  2 river rats
  A shadow imp
  An adder zombie
  An adder skeleton
  2 worms
  2 dart slugs
  4 giant geckos
  40 orcs
  12 bats
  5 giant cockroaches
  9 goblins
  4 hobgoblins
  8 quokkas
  3 ball pythons
  A giant gecko zombie
  5 giant newts
  13 kobolds
  10 rats
  10 fungi
365 creatures vanquished.
